 Dungeon Crawl Stone Soup version 0.27.0-1-g7a089689b8 (webtiles) character file.

Game seed: 9915287293269329187

43 Bodigarde the Magician (level 3, 0/26 HPs)
             Began as a Palentonga Hedge Wizard on July 30, 2021.
             Was a Follower of Nemelex Xobeh.
             Killed from afar by Robin (6 damage)
             ... with a puff of flame
             ... on level 2 of the Dungeon.
             The game lasted 00:15:41 (2563 turns).

Bodigarde the Magician (Palentonga Hedge Wizard)    Turns: 2563, Time: 00:15:42

Health: 0/26       AC:  4    Str: 14    XL:     3   Next: 37%
Magic:  6/7        EV:  9    Int: 14    God:    Nemelex Xobeh [*.....]
Gold:   48         SH:  0    Dex:  9    Spells: 4/8 levels left

rFire    . . .     SeeInvis +   j - +3 mace
rCold    . . .     Faith    .   (no shield)
rNeg     . . .     Spirit   .   b - +0 robe
rPois    .         Reflect  .   c - +0 hat
rElec    .         Harm     .   (no cloak)
rCorr    .         Rampage  .   (no gloves)
Will     .....                  (no barding)
Stlth    +.........             (no amulet)
HPRegen  0.08/turn              (no ring)
MPRegen  0.10/turn              (no ring)

@: no status effects
A: large, rugged brown scales 3, see invisible, deformed body, roll 1, armoured
tail
a: Rolling Charge, Renounce Religion, Draw Escape, Draw Destruction, Draw
Summoning


You were on level 2 of the Dungeon.
You worshipped Nemelex Xobeh.
Nemelex Xobeh was aware of your devotion.
You visited 1 branch of the dungeon, and saw 3 of its levels.

You collected 48 gold pieces.

Inventory:

Hand Weapons
 j - a +3 mace (weapon)
Missiles
 i - 62 stones
 k - 14 poisoned darts
Armour
 b - a +0 robe (worn)
 c - a +0 hat (worn)
 n - a scarf of harm
 o - a +0 buckler
Jewellery
 a - a ring of protection from fire
Wands
 p - a wand of charming (15)
Scrolls
 e - a scroll of vulnerability {unknown}
 f - 2 scrolls of teleportation
 g - a scroll of amnesia {unknown}
 l - a scroll of brand weapon {unknown}
 m - a scroll of blinking {unknown}
Potions
 d - a potion of flight {unknown}
 h - 2 potions of lignification {unknown}
 q - a potion of ambrosia {unknown}


   Skills:
 + Level 0.6 Fighting
 * Level 1.1 Maces & Flails
 - Level 1.5 Dodging
 - Level 1.2 Stealth
 + Level 3.3 Spellcasting
 - Level 1.6 Conjurations
 - Level 0.7 Summonings
 + Level 1.6 Translocations


You had 4 spell levels left.
You knew the following spells:

 Your Spells              Type           Power      Damage    Failure   Level
a - Magic Dart            Conj           28%        1d4       11%         1
b - Blink                 Tloc           N/A        N/A       16%         2
c - Apportation           Tloc           12%        N/A       11%         1

Your spell library contained the following spells:

 Spells                   Type           Power      Damage    Failure   Level
 Call Imp                 Summ           4%         N/A       24%         2
 Slow                     Hex            2%         N/A       32%         2
 Conjure Flame            Conj/Fire      4%         6-21      41%         3
 Mephitic Cloud           Conj/Pois/Air  3%         N/A       45%         3
 Alistair's Intoxication  Tmut/Pois      1%         N/A       99%         5
 Invisibility             Hex            1%         N/A       100%        6


Dungeon Overview and Level Annotations

Branches:
Dungeon (3/15)

Altars:
Nemelex Xobeh

Shops:
D:3 !:*

Annotations:
D:2 1 runed translucent door, Crazy Yiuf, Robin
D:3 Ijyb, Terence


Innate Abilities, Weirdness & Mutations

You are completely covered in rugged brown scales. (AC +3, +7% HP)
You have supernaturally acute eyesight. (SInv)
Armour fits poorly on your strangely shaped body.
You can roll at nearby foes to attack.
You have a long armoured tail.


Message History

Aim: a quokka (100% to hit)
The magic dart hits the quokka.
The quokka is severely wounded.
The quokka bites you.
Aiming: Magic Dart (safe; 11% risk of failure)
Press: ? - help, Q - select action, (/) - cycle Shift-Dir - straight line, f/p - quokka
Aim: a quokka (severely wounded, 100% to hit)
The magic dart hits the quokka.
You kill the quokka!
You start resting.
Magic restored.
You start resting.
HP restored.
There is an open door here.
There is a stone staircase leading down here.
You climb downwards.
Level annotation: Ijyb, Robin, Terence A kobold comes into view.
It is wielding a +0 club.
The goblin shouts! x5; The kobold shouts!
The goblin unwields a +0 hunting sling.
The goblin wields a +0 club.
The goblin hits you with a +0 club. The kobold closely misses you.
The goblin hits you with a +0 club. The goblin hits you but does no damage.
The goblin hits you with a +0 club.
Robin shouts!
There is a stone staircase leading up here.
Unknown command.
The kobold hits you but does no damage.
Robin says, "Feeling lonely?"
Robin hits you with a +0 dagger. The goblin hits you with a +0 club. x2
You climb upwards.
Level annotation: 1 runed translucent door, Crazy Yiuf
There is a stone staircase leading down here.
Casting: Magic Dart (safe; 11% risk of failure)
Confirm with . or Enter, or press ? or * to list all spells.
You blink.
Robin zaps a wand.
The puff of flame hits you!
* * * LOW HITPOINT WARNING * * *
Robin zaps a wand.
The puff of flame hits you.
You die...
Your body disappears without a glow.

..######.###..)...†##.#...#..#
...................>..#.#.#.##
#.........##.......######.#.#
#########.##.......# #...#.#
#..#.......####.###.#
#............)..#<..#
#####...####.############
##.......# #.#
#........####@###
#......#...#....#
#......#...#....####
#......##..........#
#.#..#.##..##g####g#
#......###.##.# #.#
####.#####..#g####g#
#####.#.#>...♣.♣.g....#
...##........)....#####


You could see Robin and 3 goblins.

Vanquished Creatures
  2 dart slugs
  2 bats (D:1)
  2 endoplasms
  A giant cockroach (D:2)
  3 hobgoblins
  3 jackals (D:1)
  5 kobolds
  2 quokkas
  3 ball pythons
  2 frilled lizards (D:1)
  6 goblins
  3 rats (D:2)
34 creatures vanquished.

Notes
Turn   | Place    | Note
-------+----------+-------------------------------------------
     0 | D:1      | Bodigarde the Palentonga Hedge Wizard began the quest for
                  | the Orb.
     0 | D:1      | Reached XP level 1. HP: 13/13 MP: 4/4
    35 | D:1      | Reached skill level 1 in Conjurations
   336 | D:1      | Found a faded altar of an unknown god.
   350 | D:1      | Reached XP level 2. HP: 18/20 MP: 0/6
   420 | D:1      | Became a worshipper of Nemelex Xobeh the Trickster
   420 | D:1      | Reached * piety under Nemelex Xobeh
   854 | D:1      | Received a gift from Nemelex Xobeh
  1425 | D:2      | Learned a level 2 spell: Blink
  1537 | D:2      | Learned a level 1 spell: Apportation
  1672 | D:2      | Reached XP level 3. HP: 20/26 MP: 1/7
  1930 | D:2      | Reached skill level 1 in Maces & Flails
  2078 | D:2      | Found a runed translucent door.
  2079 | D:2      | Noticed Crazy Yiuf
  2186 | D:3      | Found Kenaynul's Distillery.
  2186 | D:3      | Noticed Robin
  2293 | D:3      | Found Raoch's General Store.
  2293 | D:3      | Found Fiyvol's Book Shop.
  2293 | D:3      | Noticed Ijyb
  2346 | D:3      | Noticed Terence
  2563 | D:2      | Killed from afar by Robin

Illustrated notes

Levels and vault maps discovered:
D:1:      minmay_arrival_doors, layout_loops_ring,
          hellmonk_ecumenical_altar_lost_god, chequers_serial_rivers_room_a
D:2:      layout_basic, serial_forest, infiniplex_forest_lined_3_way,
          infiniplex_forest_end_3, infiniplex_forest_lined_3,
          infiniplex_forest_side_room, infiniplex_forest_straight_4,
          infiniplex_forest_corner_1, uniq_crazy_yiuf_cottage
D:3:      minmay_roachtagon, layout_rooms, serial_shops, shop, shop, shop,
          nicolae_shop_temple_entry_statues_fountains, uniq_sigmund,
          uniq_terence, uniq_robin, uniq_ijyb

Skill      XL: |  1  2  3 |
---------------+----------+-----
Conjurations   | 1 |  1.6
Maces & Flails | 1 |  1.1
Fighting       | |  0.6
Dodging        | |  1.5
Stealth        | |  1.2
Spellcasting   | |  3.3
Summonings     | |  0.7
Translocations | |  1.6

Action                   || total
-------------------------++-------
Melee: Dagger            ||     5
       Tailslap          ||     1
       Mace              ||     6
 Cast: Magic Dart        ||    85
       Apportation       ||     2
       Blink             ||     2
 Abil: Rolling Charge    ||     2
  Use: Scroll            ||     1
Armor: Robe              ||    11
Dodge: Dodged            ||    16
